 Dungeon Crawl Stone Soup version 0.20.1-1-g8b1a95d (webtiles) character file.

9 Folque the Magician (level 2, -2/18 HPs)
             Began as an Octopode Wizard on Nov 8, 2017.
             Slain by a jackal (3 damage)
             ... on level 1 of the Dungeon.
             The game lasted 00:02:03 (339 turns).

Folque the Magician (Octopode Wizard)                Turns: 339, Time: 00:02:03

Health: -2/18      AC:  1    Str:  6    XL:     2   Next: 12%
Magic:  6/6        EV: 13    Int: 20    God:
Gold:   21         SH:  0    Dex: 10    Spells: 6/7 levels left

rFire    . . .     SeeInvis .   e - +0 club
rCold    . . .     Gourm    .   (no shield)
rNeg     . . .     Faith    .   a - +0 hat
rPois    .         Spirit   .   (no amulet)
rElec    .         Reflect  .   (no ring)
rCorr    .         Harm     .   (no ring)
MR       .....                  (no ring)
Stlth    +++.......             (no ring)
Regen    0.1/turn               (no ring)
MPRegen  0.1/turn               (no ring)
                                (no ring)
                                (no ring)

@: no status effects
A: almost no armour, stealthy swim, amphibious, 8 rings, constrict 8, camouflage
1, gelatinous body 1
a: no special abilities


You were on level 1 of the Dungeon.
You were not hungry.

You visited 1 branch of the dungeon, and saw 1 of its levels.

You collected 21 gold pieces.

Inventory:

Hand Weapons
 e - a +0 club (weapon)
Armour
 a - a +0 hat (worn)
Scrolls
 g - 2 scrolls of magic mapping
 h - a scroll of teleportation
Books
 b - a book of Minor Magic

   Spells                             Type                      Level
   a - Magic Dart                     Conjuration                  1
   b - Blink                          Translocation                2
   c - Call Imp                       Summoning                    2
   d - Slow                           Hexes                        2
   e - Conjure Flame                  Conjuration/Fire             3
   f - Mephitic Cloud                 Conjuration/Poison/Air       3
Comestibles
 c - 2 bread rations
 d - 5 chunks of flesh


   Skills:
 * Level 1.2 Fighting
 - Level 2.0 Dodging
 - Level 2.6 Stealth
 + Level 3.2 Spellcasting
 - Level 1.0 Conjurations
   Level 1.0 Summonings
   Level 1.0 Translocations


You had 6 spell levels left.
You knew the following spells:

 Your Spells              Type           Power        Failure   Level  Hunger
a - Magic Dart            Conj           #...         10%         1    None


Dungeon Overview and Level Annotations

Branches:
Dungeon (1/15)

Altars:


Innate Abilities, Weirdness & Mutations

You cannot wear most types of armour.
You are very stealthy in the water. (Stealth+)
You are amphibious.
You can wear up to eight rings at the same time.
You can use your tentacles to constrict eight enemies at once.
Your skin changes colour to match your surroundings (Stealth+).
Your rubbery body absorbs attacks. (AC +1, EV +1)


Message History

You hit the jackal but do no damage. Your grab misses the jackal.
The jackal bites you. x2
The rat twitches its whiskers.
The jackal bites you. The jackal bites you.
You hit the jackal. Your grab misses the jackal.
The jackal is heavily wounded.
The jackal bites you.
* * * LOW HITPOINT WARNING * * *
The jackal bites you.
* * * LOW HITPOINT WARNING * * *
The jackal bites you.
* * * LOW HITPOINT WARNING * * *
As you read the scroll labeled BEWASA VOT, it crumbles to dust.
You feel aware of your surroundings.
It was a scroll of magic mapping.
As you read the scroll labeled SOEXUH TIG NEJ, it crumbles to dust.
It is a scroll of identify.
h - a scroll of teleportation The jackal bites you.
You die...

### #.######## #........#
********* #.######.# *,,,,,,,,
#.# #.# *,******* #.#
#.#*******,*,,* #.#
#.#.......,*,,* #.#
#@#.......,*,,**** #### #.#
#h#.......,*,,,,,, ...######.#
#h#.......,*,,,,,, ^..'......#
#h#.......,*,*****
...#############J#rJ.....,,,,,,,,
...# #.......r#.......,,,*****
...# #..).....'.......,,,,,,,,
...# #..).....#.......*,,,*,,,
...# #........#....$..,,,,*,,*


You could see an ooze, 3 jackals and a rat.

Vanquished Creatures
  2 giant cockroaches (D:1)
  A goblin (D:1)
  2 hobgoblins (D:1)
  3 rats (D:1)
8 creatures vanquished.

Notes
Turn   | Place    | Note
-------+----------+-------------------------------------------
     0 | D:1      | Folque the Octopode Wizard began the quest for the Orb.
     0 | D:1      | Reached XP level 1. HP: 11/11 MP: 4/4
   149 | D:1      | Reached skill level 1 in Fighting
   162 | D:1      | Reached XP level 2. HP: 12/18 MP: 6/6
   339 | D:1      | Slain by a jackal

Skill      XL: |  1 |
---------------+----+-----
Fighting       | 1 |  1.2
Dodging        | |  2.0
Stealth        | |  2.6
Spellcasting   | |  3.2
Conjurations   | |  1.0
Summonings     | |  1.0
Translocations | |  1.0

Action                   || total
-------------------------++-------
Melee: Unarmed           ||     9
       Club              ||    12
       Constrict         ||     6
       Tentacles         ||     2
 Cast: Magic Dart        ||     4
  Use: Scroll            ||     2
 Stab: Sleeping          ||     3
Armor: Skin              ||     1
Dodge: Dodged            ||    13
